 Seeded DCSS version 0.29.1-15-g9cfb28693d (webtiles) character file.

Game seed: 12690910291003819321 (custom seed)

11923 Gelion the Unseen (level 12, -19/72 HPs)
             Began as a Kobold Brigand on Apr 27, 2023.
             Was a Priest of Dithmenos.
             Demolished by a very large slime creature (47 damage)
             ... on level 12 of the Dungeon.
             The game lasted 00:21:27 (12079 turns).

Gelion the Unseen (Kobold Brigand)                 Turns: 12079, Time: 00:21:28

Health: -19/72     AC: 10    Str: 15    XL:     12   Next: 13%
Magic:  0/12       EV: 22    Int: 13    God:    Dithmenos [***...]
Gold:   161        SH:  0    Dex: 26    Spells: 11/11 levels left

rFire   . . .      SeeInvis +   a - +2 dagger (vorpal)
rCold   . . .      Faith    .   (no shield)
rNeg    . . .      Spirit   +   j - +5 robe of Night {Dark Will+ SInv}
rPois   .          Reflect  .   m - +1 hat
rElec   .          Harm     .   c - +1 cloak
rCorr   .          Rampage  .   (no gloves)
Will    +....                   (no boots) Stlth *+++++++++
                                g - amulet of guardian spirit
HPRegen 0.22/turn               b - +6 ring of strength
MPRegen 0.13/turn               y - +6 ring of dexterity

@: mighty, wreathed by umbra
A: small, no large weapons, nightstalker 3
a: Renounce Religion, Shadow Step


You were on level 12 of the Dungeon.
You worshipped Dithmenos.
Dithmenos was most pleased with you.
You visited 1 branch of the dungeon, and saw 11 of its levels.

You collected 661 gold pieces.
You spent 500 gold pieces at shops.

Inventory:

Hand Weapons
 a - a +2 vorpal dagger (weapon)
 x - a +3 short sword of protection
Missiles
 d - 23 poisoned darts
 e - 4 curare-tipped darts (quivered)
Armour
 c - a +1 cloak (worn)
 j - the +5 robe of Night (worn) {Dark Will+ SInv}
   (You found it on level 2 of the Dungeon)

   It shrouds the wearer in darkness, reducing the range at which they can see
   and be seen by others.
   SInv:      It lets you see invisible.
   Will:      It increases your willpower.
 m - a +1 hat (worn)
Jewellery
 b - a +6 ring of strength (left hand)
 g - an amulet of guardian spirit (around neck)
 k - an amulet of regeneration
 y - a +6 ring of dexterity (right hand)
 B - a +4 ring of evasion
Wands
 l - a wand of polymorph (20)
 n - a wand of light (8)
 s - a wand of digging (6)
Scrolls
 p - 2 scrolls of blinking
 v - a scroll of immolation
 w - a scroll of torment {unknown}
 C - 2 scrolls of teleportation
 E - a scroll of fear {unknown}
 F - a scroll of amnesia
Potions
 f - a potion of lignification {unknown}
 h - 6 potions of curing
 i - a potion of mutation {unknown}
 o - a potion of magic {unknown}
 q - a potion of resistance {unknown}
 r - a potion of might
 t - a potion of heal wounds
 u - 2 potions of haste
 z - a potion of brilliance {unknown}
 A - 2 potions of flight {unknown}
 D - 2 potions of attraction {unknown}


   Skills:
 + Level 7.1 Fighting
 * Level 15.6 Short Blades
 - Level 6.0 Throwing
 + Level 7.7 Dodging
 * Level 15.7 Stealth


You had 11 spell levels left.
You didn't know any spells.
Your spell library contained the following spells:

 Spells                   Type           Power      Damage    Failure   Level
 Apportation              Tloc           0%         N/A       30%         1
 Necrotise                Necr           0%         1d4       30%         1
 Summon Small Mammal      Summ           0%         N/A       30%         1
 Static Discharge         Conj/Air       0%         3-3/arc   43%         2
 Dispel Undead            Necr           0%         3d6       97%         4
 Sticky Flame             Conj/Fire      0%         2d3       97%         4
 Lightning Bolt           Conj/Air       0%         1d11      100%        5
 Summon Forest            Summ/Tloc      0%         N/A       100%        5
 Summon Mana Viper        Hex/Summ       0%         N/A       100%        5
 Summon Cactus Giant      Summ           0%         N/A       100%        6
 Maxwell's Capacitive Co  Air            0%         ∞         100%        8


Dungeon Overview and Level Annotations

Branches:
Dungeon (10/15)            Temple (0/1) D:6             Orc (0/2) D:9
   Lair: D:8-11

Altars:
Dithmenos
Elyvilon
Gozag
Makhleb
Nemelex Xobeh
Sif Muna
Xom
Yredelemnul

Shops:
D:6 !

Annotations:
D:4 Buffagor's ghost, novice GrEE


Innate Abilities, Weirdness & Mutations

You are small and have problems with some larger weapons.
You are completely attuned to the shadows.


Message History

You hit the slime creature.
The slime creature is lightly wounded.
The slime creature hits you!
The slime creature completely misses you.
The slime creature closely misses you.
The slime creature attacks as you move away!
The slime creature hits you!
The slime creature attacks as you move away!
The slime creature hits you.
Two slime creatures merge to form a large slime creature.
You hit the slime creature.
The slime creature is lightly wounded.
You hit the slime creature but do no damage.
The slime creature is lightly wounded.
The slime creature hits you.
You hit the slime creature.
The slime creature is lightly wounded.
You feel very mighty all of a sudden.
A large slime creature splits.
The slime creature hits you!
You puncture the slime creature!
The slime creature is moderately wounded.
Two slime creatures merge to form a large slime creature.
You puncture the large slime creature!
The large slime creature is moderately wounded.
Two slime creatures merge to form a very large slime creature.
You hit the very large slime creature.
The very large slime creature is moderately wounded.
The very large slime creature hits you!!
You puncture the very large slime creature!
The very large slime creature is moderately wounded.
You puncture the very large slime creature!
The very large slime creature is moderately wounded.
The very large slime creature completely misses you.
You puncture the very large slime creature!
The very large slime creature is heavily wounded.
You puncture the very large slime creature!
The very large slime creature is heavily wounded.
The very large slime creature hits you!!!
Ouch! That really hurt!
You die...

.......##
........#.
..........
.........#
.......##
.......#
.......## #.....
..>....####.....
......J@.#.....
....###.......
....# ####†...
...## #....
##.### ## #..#
..###.## #.....#
###..## ##


You could see a very large slime creature.

Vanquished Creatures
  2 two-headed ogres
  A manticore (D:12)
  A cyclops (D:12)
  2 slime creatures (D:12)
  10 yaks
  A wyvern (D:8)
  A spriggan (D:9)
  A basilisk (D:9)
  A steam dragon (D:6)
  Menkaure (D:6)
  3 orc warriors (D:9)
  3 sky beasts
  A black bear (D:8)
  2 ice beasts
  2 ogres (D:6)
  3 phantoms
  A kobold brigand (D:6)
  3 bullfrogs
  2 necrophages
  2 scorpions
  12 wights
  11 killer bees (D:8)
  2 howler monkeys
  A crimson imp (D:7)
  2 jellies (D:6)
  3 hounds
  7 orc priests
  5 orc wizards
  2 iguanas
  7 adders
  3 gnolls (D:5)
  A shadow imp (D:7)
  2 white imps
  An ufetubus (D:5)
  7 worms
  3 dart slugs
  35 orcs
  8 ball pythons
  6 bats
  11 endoplasms
  A giant cockroach (D:4)
  4 goblins
  5 hobgoblins
  6 jackals (D:3)
  11 kobolds
  2 quokkas (D:1)
  A frilled lizard (D:1)
  6 rats
208 creatures vanquished.

Notes
Turn   | Place    | Note
-------+----------+-------------------------------------------
     0 | D:1      | Gelion the Kobold Brigand began the quest for the Orb.
     0 | D:1      | Reached XP level 1. HP: 12/12 MP: 1/1
   106 | D:1      | Reached XP level 2. HP: 17/17 MP: 2/2
   433 | D:1      | Reached XP level 3. HP: 22/22 MP: 3/3
  1075 | D:2      | Found the +5 robe of Night {Dark Will+ SInv}
  1105 | D:2      | Found a faded altar of an unknown god.
  1238 | D:2      | Reached XP level 4. HP: 18/27 MP: 4/4
  1388 | D:2      | Found an opulent altar of Gozag.
  1534 | D:2      | Reached XP level 5. HP: 27/31 MP: 2/5
  2313 | D:3      | Found a white marble altar of Elyvilon.
  2318 | D:3      | Found a shadowy altar of Dithmenos.
  2319 | D:3      | Found a burning altar of Makhleb.
  2322 | D:3      | Became a worshipper of Dithmenos the Shadowed
  3056 | D:4      | Reached XP level 6. HP: 37/37 MP: 6/6
  3482 | D:4      | Reached skill level 5 in Short Blades
  3586 | D:4      | Found a runed translucent door.
  3702 | D:4      | Found a sparkling altar of Nemelex Xobeh.
  3940 | D:4      | Found a shimmering blue altar of Sif Muna.
  4143 | D:4      | Noticed Buffagor's ghost (novice GrEE)
  4437 | D:5      | Entered Level 5 of the Dungeon
  4439 | D:5      | Reached XP level 7. HP: 41/41 MP: 7/7
  4543 | D:4      | HP: 2/41 [iguana (1)]
  4892 | D:5      | Reached * piety under Dithmenos
  5882 | D:6      | Noticed a steam dragon
  5885 | D:6      | Killed a steam dragon
  5886 | D:6      | Reached XP level 8. HP: 48/48 MP: 8/8
  6053 | D:6      | Found a staircase to the Ecumenical Temple.
  6235 | D:6      | Noticed Menkaure
  6239 | D:6      | Killed Menkaure
  6283 | D:6      | Found a shimmering altar of Xom.
  6405 | D:6      | Found Zimofi's Distillery.
  7408 | D:7      | Reached XP level 9. HP: 52/52 MP: 9/9
  7466 | D:7      | Found a basalt altar of Yredelemnul.
  7491 | D:7      | Reached skill level 5 in Fighting
  7491 | D:7      | Reached skill level 10 in Stealth
  7500 | D:7      | Reached skill level 5 in Throwing
  7500 | D:7      | Reached skill level 5 in Dodging
  7995 | D:7      | Reached ** piety under Dithmenos
  8562 | D:6      | Bought a potion of experience for 500 gold pieces
  8946 | D:8      | Reached XP level 10. HP: 45/60 MP: 8/10
  9092 | D:8      | Noticed a two-headed ogre
  9094 | D:8      | Killed a two-headed ogre
  9095 | D:8      | Reached skill level 10 in Short Blades
  9491 | D:8      | Reached XP level 11. HP: 64/64 MP: 11/11
  9888 | D:9      | Noticed a two-headed ogre
  9891 | D:9      | Killed a two-headed ogre
 10255 | D:8      | Reached skill level 15 in Short Blades
 10701 | D:9      | Reached skill level 15 in Stealth
 10904 | D:9      | Found a staircase to the Orcish Mines.
 10909 | D:9      | Reached *** piety under Dithmenos
 11591 | D:10     | Entered Level 10 of the Dungeon
 11744 | D:10     | Reached XP level 12. HP: 71/71 MP: 12/12
 11774 | D:10     | You fall into a shaft and drop 2 floors!
 12079 | D:12     | Demolished by a very large slime creature

Illustrated notes

Levels and vault maps discovered:
D:1:      lemuel_arrival_lava_pool, layout_basic
D:2:      cheibrodos_pilgrimage, layout_basic, basic_altar,
          hellmonk_ecumenical_altar_arch_garden
D:3:      layout_loops_ring, chequers_temple_overflow_statue_of_worship,
          kennysheep_nondescript, minmay_crystal_water, nicolae_wormholes
D:4:      layout_gridville, nemelex_dance_club_becter, lemuel_round_altar,
          ebering_ghost_reflecting_pool
D:5:      layout_cave_pools
D:6:      layout_loops_corners, amcnicky_altar_gilded,
          minmay_temple_entry_junction, serial_shops, kennysheep_mini_moat,
          uniq_menkaure
D:7:      layout_basic, mainiacjoe_overflow_boulevard, minmay_fire_ice_demons
D:8:      layout_loops_ring, minmay_misc_feat_cross
D:9:      layout_cross, david_orc_3, the_hattery
D:10:     nzn_winding_woodlands_medium [nzn_winding_woodlands_hourglass,
          nzn_winding_woodlands_5x15_river_crossing,
          nzn_winding_woodlands_5x5_three, nzn_winding_woodlands_5x5_cross,
          nzn_winding_woodlands_center_pierced_h,
          nzn_winding_woodlands_5x5_checkerboard,
          nzn_winding_woodlands_5x5_open_star,
          nzn_winding_woodlands_5x15_parted,
          nzn_winding_woodlands_5x5_perimeter], layout_irregular_city,
          lair_entry_dummy, serial_shops, nicolae_inconvenience_store, shop
D:12:     layout_layer_cave, serial_shops, nicolae_lakefront_shop,
          nicolae_kikubaaqudgha_miasma_corner

Skill      XL: |  1  2  3  4  5  6  7  8  9 10 11 12 |
---------------+-------------------------------------+-----
Short Blades   | 3 4 5 6 7 9 14 15 | 15.6
Dodging        | 2 3 4 5 6 7 |  7.7
Stealth        | 6 7 8 9 11 14 15 | 15.7
Throwing       | 3 4 5 6 |  6.0
Fighting       | 3 4 5 6 7 |  7.1

Action                   |  1- 3 |  4- 6 |  7- 9 | 10-12 || total
-------------------------+-------+-------+-------+-------++-------
Melee: Dagger            |    78 |   186 |   303 |   292 ||   859
       Punch             |       |     4 |     7 |     7 ||    18
Throw: Dart              |       |       |     2 |       ||     2
  Use: Scroll            |       |     1 |     8 |     9 ||    18
       Potion            |       |       |     2 |     5 ||     7
 Stab: Sleeping          |    17 |    31 |    22 |    27 ||    97
       Distracted        |       |       |     4 |     1 ||     5
Armor: Robe              |    18 |    38 |    48 |    29 ||   133
Dodge: Dodged            |    39 |    82 |   192 |   259 ||   572
